 Dungeon Crawl Stone Soup version 0.22.2-1-ge965b3aba3 (webtiles) character file.

896 Roza the Grave Robber (level 8, -3/99 HPs)
             Began as an Ogre Necromancer on Jan 16, 2019.
             Was a Believer of Hepliaklqana.
             Slain by a gnoll
             ... wielding a +0 halberd
              (13 damage)
             ... on level 6 of the Dungeon on Aug 23, 2019.
             The game lasted 01:49:01 (4927 turns).

Roza the Grave Robber (Ogre Necromancer)            Turns: 4927, Time: 01:49:01

Health: -3/99      AC:  7    Str: 18    XL:     8   Next: 7%
Magic:  16/16      EV: 10    Int: 19    God:    Hepliaklqana [**....]
Gold:   306        SH:  0    Dex: 12    Spells: 16/18 levels left

rFire    + . .     SeeInvis .   f - +3 quarterstaff (chaos)
rCold    . . .     Gourm    .   (shield currently unavailable)
rNeg     . . .     Faith    .   y - +0 robe {MR+}
rPois    +         Spirit   .   (helmet restricted)
rElec    .         Reflect  .   q - +1 cloak {rPois}
rCorr    .         Harm     .   (gloves unavailable)
MR       +....                  (boots unavailable)
Stlth    ..........             b - amulet of rage
HPRegen  0.26/turn              n - ring of stealth
MPRegen  0.15/turn              l - ring of protection from fire

@: berserking (expiring), marked, starving, very quick
A: large, unfitting armour, reduced essence, slimy green scales 1, agile 1,
clever 1, poison resistance, tough skin 1
a: Recall Ancestor, Ancestor Identity, Renounce Religion, Evoke Berserk Rage


You were on level 6 of the Dungeon.
You worshipped Hepliaklqana.
Hepliaklqana was pleased with you.
You were starving.

You visited 1 branch of the dungeon, and saw 6 of its levels.

You collected 306 gold pieces.

Inventory:

Hand Weapons
 d - a +0 dagger
 e - a +1 mace of protection
 f - a +3 quarterstaff of chaos (weapon)
 g - a +3 whip of venom
 j - a +3 mace of protection
 r - a +0 mace
Missiles
 i - 76 poisoned needles (quivered)
Armour
 a - a +0 robe
 q - a +1 cloak of poison resistance (worn)
 y - a +0 robe of magic resistance (worn)
Jewellery
 b - an amulet of rage (around neck)
 k - an uncursed ring of flight
 l - a ring of protection from fire (right hand)
 n - a ring of stealth (left hand)
 p - a +3 ring of protection {unknown}
Wands
 u - a wand of clouds (3)
 w - a wand of flame (25)
 x - a wand of acid (7)
 z - a wand of paralysis (9)
 C - a wand of iceblast (7)
Scrolls
 m - 3 scrolls of identify
 o - a scroll of fear
 s - 2 scrolls of remove curse
 v - a scroll of teleportation
Potions
 h - a potion of flight
 A - a potion of heal wounds
 B - a potion of haste {unknown}
Comestibles
 c - 12 rations


   Skills:
 + Level 2.4 Fighting
 + Level 1.8(2.3) Maces & Flails
 + Level 2.4(2.8) Staves
 + Level 2.6 Dodging
 + Level 2.1 Stealth
 + Level 1.0 Unarmed Combat
 + Level 5.8 Spellcasting
 + Level 5.9 Necromancy
 + Level 0.2 Evocations


You had 16 spell levels left.
You knew the following spells:

 Your Spells              Type           Power        Failure   Level  Hunger
a - Pain                  Necr           ####         1%          1    None
b - Animate Skeleton      Necr           N/A          1%          1    None

Your spell library contained the following spells:

 Spells                   Type           Power        Failure   Level  Hunger
 Vampiric Draining        Necr           ####......   3%          3    ##.....
 Animate Dead             Necr           N/A          10%         4    ####...
 Regeneration             Chrm/Necr      ###.......   11%         3    ##.....


Dungeon Overview and Level Annotations

Branches:
Dungeon (6/15)
 Temple: D:4-7

Altars:
Cheibriados
Gozag
Hepliaklqana
Nemelex Xobeh
Qazlal
Ru
Trog
Wu Jian
Zin


Innate Abilities, Weirdness & Mutations

You are too large for most types of armour.
You have tough skin. (AC +1)
Your life essence is reduced to manifest your ancestor. (-10% HP)
You are partially covered in slimy green scales. (AC +2)
You are agile. (Dex +2)
Your mind is acute. (Int +2)
Your system is resistant to poisons. (rPois)


Message History

There is an open door, spattered with blood here.
Items here: ( )) †† a halberd; an arrow; a club; a gnoll corpse x2
You sock the centaur!
The centaur flickers and vanishes!
Deactivating autopickup; reactivate with Ctrl-A.
Something hits you but does no damage. The gnoll barely misses you.
You closely miss something. Something hits you.
You closely miss something. Something hits you but does no damage.
The gnoll hits you with a halberd! Something hits you.
You barely miss something. Something hits you.
* * * LOW HITPOINT WARNING * * *
The gnoll hits you with a halberd.
* * * LOW HITPOINT WARNING * * *
You closely miss something. Something hits you.
* * * LOW HITPOINT WARNING * * *
You hear a twanging sound.
An arrow appears from out of thin air!
The arrow hits you!
* * * LOW HITPOINT WARNING * * *
The gnoll hits you from afar with a halberd!
You die...

.##....# #.#'####
#._.. .##....#
#.#.# #....
.##....###.#.#
#####
..'........#'##
###...........#
#####.......#
#.......# ##+##
#.......####....#
#....(..'(@){...#
#.......####g...#
#.......# ...[#
######### ....#
...... .......
..#.... .(#....


You could see a gnoll.

Vanquished Creatures
  An ice beast (D:6)
  A black bear (D:6)
  A scorpion (D:6)
  A howler monkey (D:6)
  A crimson imp (D:6)
  A bullfrog zombie (D:6)
  A hound (D:5)
  Crazy Yiuf (D:4)
  An orc wizard (D:4)
  3 bullfrog skeletons
  2 iguanas (D:6)
  Ijyb (D:5)
  2 worker ants
  2 gnolls (D:6)
  4 adders (D:2)
  A river rat (D:4)
  A shadow imp (D:6)
  A worm (D:3)
  A dart slug (D:4)
  7 leopard geckos
  4 orcs
  3 bats
  5 giant cockroaches
  3 goblins
  7 hobgoblins
  5 jackals (D:6)
  4 quokkas
  3 ball pythons
  6 frilled lizards
  A jackal zombie (D:5)
  3 kobolds (D:1)
  A quokka skeleton (D:4)
  9 rats
88 creatures vanquished.

Vanquished Creatures (collateral kills)
  A phantom (D:6)
  3 adders
  A dart slug (D:3)
  2 leopard geckos (D:4)
  2 jackals (D:6)
  A goblin (D:3)
10 creatures vanquished.

Vanquished Creatures (others)
  A battlemage (D:6)
1 creature vanquished.

Grand Total: 99 creatures vanquished

Notes
Turn   | Place    | Note
-------+----------+-------------------------------------------
     0 | D:1      | Roza the Ogre Necromancer began the quest for the Orb.
     0 | D:1      | Reached XP level 1. HP: 16/16 MP: 3/3
   108 | D:1      | Reached skill level 1 in Fighting
   326 | D:1      | Reached XP level 2. HP: 27/27 MP: 3/5
   329 | D:1      | Learned a level 1 spell: Animate Skeleton
  1016 | D:2      | Reached skill level 1 in Unarmed Combat
  1016 | D:2      | Reached XP level 3. HP: 19/33 MP: 2/7
  1034 | D:2      | Found a hazy altar of Hepliaklqana.
  1042 | D:2      | Became a worshipper of Hepliaklqana the Forgotten
  1353 | D:2      | Reached XP level 4. HP: 29/36 MP: 6/8
  1942 | D:3      | Upgraded the game from 0.22.1-6-g1668fe2c40 to
                  | 0.22.2-1-ge965b3aba3
  1983 | D:3      | Reached * piety under Hepliaklqana
  2162 | D:3      | Found a bloodstained altar of Trog.
  2485 | D:4      | Found a sparkling altar of Nemelex Xobeh.
  2528 | D:4      | Reached XP level 5. HP: 35/43 MP: 6/10
  2546 | D:4      | Gained mutation: You are agile. (Dex +2) [potion of
                  | mutation]
  2546 | D:4      | Gained mutation: Your system is resistant to poisons.
                  | (rPois) [potion of mutation]
  2546 | D:4      | Gained mutation: Your mind is acute. (Int +2) [potion of
                  | mutation]
  2546 | D:4      | Gained mutation: You are partially covered in slimy green
                  | scales. (AC +2) [potion of mutation]
  2566 | D:4      | Found a snail-covered altar of Cheibriados.
  2667 | D:4      | Reached skill level 1 in Maces & Flails
  3038 | D:4      | Found a runed door.
  3042 | D:4      | Noticed Crazy Yiuf
  3058 | D:4      | Killed Crazy Yiuf
  3441 | D:4      | Reached XP level 6. HP: 39/49 MP: 8/12
  3488 | D:5      | Entered Level 5 of the Dungeon
  3496 | D:5      | Noticed Ijyb
  3506 | D:5      | Killed Ijyb
  3619 | D:5      | Reached ** piety under Hepliaklqana
  3622 | D:5      | Remembered your ancestor Enheduana as a battlemage
  3805 | D:5      | Reached skill level 5 in Necromancy
  3898 | D:5      | Found a stormy altar of Qazlal.
  3899 | D:5      | Found a sacrificial altar of Ru.
  4011 | D:6      | Found an ornate altar of the Wu Jian Council.
  4038 | D:6      | Reached skill level 1 in Staves
  4125 | D:6      | Found a glowing silver altar of Zin.
  4125 | D:6      | Found an opulent altar of Gozag.
  4128 | D:6      | Reached XP level 7. HP: 56/58 MP: 9/13
  4392 | D:6      | Reached skill level 5 in Spellcasting
  4471 | D:6      | Reached XP level 8. HP: 39/64 MP: 12/16
  4927 | D:6      | Slain by a gnoll

Skill      XL: |  1  2  3  4  5  6  7 |
---------------+----------------------+-----
Fighting       | 1 2 |  2.4
Dodging        | 2 |  2.6
Necromancy     | 4 5 |  5.9
Unarmed Combat | 1 |  1.0
Spellcasting   | 3 4 5 |  5.8
Maces & Flails | 1 |  1.8
Staves         | 1 2 |  2.4
Stealth        | 2 |  2.1
Evocations     | |  0.2

Action                   |  1- 3 |  4- 6 |  7- 9 || total
-------------------------+-------+-------+-------++-------
Melee: Mace              |    23 |       |       ||    23
       Unarmed           |     7 |       |       ||     7
       Dagger            |     2 |       |       ||     2
       Whip              |    29 |    41 |       ||    70
       Quarterstaff      |       |    28 |    46 ||    74
 Cast: Pain              |    16 |    59 |    21 ||    96
       Animate Skeleton  |       |     9 |     1 ||    10
Invok: Recall Ancestor   |     1 |     1 |       ||     2
       Ancestor Identity |       |     1 |       ||     1
       Ancestor Life: Ba |       |     1 |       ||     1
 Abil: Evoke Berserk Rag |       |       |     1 ||     1
Evoke: Wand              |       |     4 |       ||     4
  Use: Scroll            |     4 |     3 |       ||     7
       Potion            |     2 |     6 |       ||     8
 Stab: Sleeping          |     1 |     1 |     3 ||     5
       Distracted        |       |     1 |       ||     1
       Paralysed         |       |       |     1 ||     1
  Eat: Chunk             |     1 |     5 |     2 ||     8
       Ration            |       |     1 |       ||     1
Armor: Robe              |    14 |    19 |    13 ||    46
Dodge: Dodged            |    32 |    26 |    21 ||    79
